 Dungeon Crawl Stone Soup version 0.21.1-1-g345015f (webtiles) character file.

8 shakethe the Chopper (level 2, 22/22 HPs)
             Began as a Demonspawn Gladiator on Feb 27, 2018.
             Quit the game on level 1 of the Dungeon.
             The game lasted 00:00:21 (225 turns).

shakethe the Chopper (Demonspawn Gladiator)          Turns: 225, Time: 00:00:22

Health: 22/22      AC:  4    Str: 14    XL:     2   Next: 0%
Magic:  2/2        EV: 12    Int:  9    God:
Gold:   24         SH:  0    Dex: 14    Spells: 1/1 levels left

rFire    . . .     SeeInvis .   a - +0 war axe
rCold    . . .     Gourm    .   (no shield)
rNeg     . . .     Faith    .   b - +0 leather armour
rPois    .         Spirit   .   c - +0 helmet
rElec    .         Reflect  .   (no cloak)
rCorr    .         Harm     .   (no gloves)
MR       .....                  (no boots)
Stlth    ++........             (no amulet)
HPRegen  0.07/turn              (no ring)
MPRegen  0.08/turn              (no ring)

@: no status effects
A: nightstalker 1
a: no special abilities


You were on level 1 of the Dungeon.
You were not hungry.

You visited 1 branch of the dungeon, and saw 1 of its levels.

You collected 24 gold pieces.

Inventory:

Hand Weapons
 a - a +0 war axe (weapon)
Missiles
 d - 3 throwing nets {=f, !d}
Armour
 b - a +0 leather armour (worn)
 c - a +0 helmet (worn)
Scrolls
 e - a scroll of enchant armour {unknown}
Potions
 g - a potion of berserk rage {unknown}
Comestibles
 f - 2 rations


   Skills:
 + Level 2.2 Fighting
 * Level 3.0 Axes
 - Level 1.7 Throwing
 + Level 2.8 Dodging


You had one spell level left.
You didn't know any spells.

Dungeon Overview and Level Annotations

Branches:
Dungeon (1/15)

Altars:


Innate Abilities, Weirdness & Mutations

You are slightly more attuned to the shadows.


Message History

A giant cockroach comes into view.
The giant cockroach waves its antennae.
You slash the giant cockroach!
You kill the giant cockroach!
No target in view!
No target in view!
No target in view!
No target in view!
No target in view!
No target in view!
No target in view!
No target in view!
e - a scroll labeled BUIF OQIOSTUYF No target in view!
No target in view!
No target in view!
No target in view!
No target in view!
g - a puce potion No target in view!
No target in view!
No target in view!
No target in view!
No target in view!
No target in view!
No target in view!
No target in view!
Found a stone staircase leading down.
No target in view!
No target in view!
No target in view!
No target in view!
No target in view!
No target in view!
A hobgoblin comes into view.
Health restored: 16 No reachable target in view!
No reachable target in view!
No reachable target in view!
No reachable target in view!
No reachable target in view!
No reachable target in view!
No reachable target in view!
A hobgoblin is nearby!
No reachable target in view!
No reachable target in view!
No reachable target in view!
No reachable target in view!
No reachable target in view!
No reachable target in view!
No reachable target in view!
No reachable target in view!
No reachable target in view!
No reachable target in view!
No reachable target in view!
A hobgoblin is nearby!
A kobold comes into view. It is wielding a short sword.
The hobgoblin shouts!
The kobold shouts!
You hit the hobgoblin.
The hobgoblin hits you but does no damage.
You hit the hobgoblin.
You kill the hobgoblin!
You closely miss the kobold. The kobold barely misses you.
You hit the kobold. The kobold hits you with a short sword.
The kobold closely misses you.
You take 4 damage, and have 12/16 hp.
MASSIVE DAMAGE!!
You slash the kobold!
You kill the kobold!
No target in view!
No target in view!
No target in view!
No target in view!
No target in view!
No target in view!
Things that are here:
a short sword; a kobold corpse A bat comes into view.
A bat is nearby!
The bat barely misses you.
A bat is nearby!
A bat is nearby!
You closely miss the bat. The bat closely misses you.
The bat barely misses you.
You slash the bat!
You kill the bat!
No target in view!
You now have 24 gold pieces (gained 15).
A hobgoblin comes into view. It is wielding a club.
Health restored: 16 A hobgoblin is nearby!
The hobgoblin hits you but does no damage.
A hobgoblin is nearby!
You hit the hobgoblin.
You kill the hobgoblin!
Your Axes skill increases to level 3!
You have reached level 2!
Your demonic ancestry asserts itself...
You slip into the darkness of the dungeon.
Health restored: 22; MP restored: 2

##..#.####. ..# #..#..#
#.. ..# ##..#.####.# #.#
#...#.# #..# #.#
#..#..###.## #.#
#..#.###..# #. #.#
#..#.###.##
#.#..###.####..#.##..###
......)@.....)..........
.................#######
.....###.######### ..##
#.# # #.# #.# ..# ###


There were no monsters in sight!

Vanquished Creatures
  A giant cockroach (D:1)
  3 hobgoblins (D:1)
  A kobold (D:1)
  A bat (D:1)
  A rat (D:1)
7 creatures vanquished.

Notes
Turn   | Place    | Note
-------+----------+-------------------------------------------
     0 | D:1      | shakethe the Demonspawn Gladiator began the quest for the Orb.
     0 | D:1      | Reached XP level 1. HP: 16/16 MP: 1/1
   224 | D:1      | Reached skill level 3 in Axes
   224 | D:1      | Gained mutation: You are slightly more attuned to the shadows. [demonic ancestry]
   224 | D:1      | Reached XP level 2. HP: 22/22 MP: 2/2
   225 | D:1      | Quit the game

Skill      XL: |  1 |
---------------+----+-----
Axes           | 3 |  3.0
Fighting       | |  2.2
Throwing       | |  1.7
Dodging        | |  2.8

Action                   || total
-------------------------++-------
Melee: War axe           ||    10
Armor: Leather armour    ||     2
Dodge: Dodged            ||     6

Vault maps used:
D:1:      dpeg_arrival_three_bigger_balls, minmay_misc_feat_more_columns,
          minmay_strange_pillars, minivault_5

Table legend:
 A = Turns spent in this place as a percentage of turns spent in the entire game.
 B = Non-inter-level travel turns spent in this place as a percentage of non-inter-level travel turns spent in the entire game.
 C = Inter-level travel turns spent in this place as a percentage of turns spent in this place.
 D = Turns resting spent in this place as a percentage of non-inter-level travel turns spent in this place.
 E = Turns spent auto-exploring this place as a percentage of non-inter-level travel turns spent in this place.
 F = Non-inter-level travel turns spent in this place divided by the number of levels of this place that you've seen.
                   A       B       C       D       E      F
               +-------+-------+-------+-------+-------+----------------------
         Total | 100.0 | 100.0 |   0.0 |   0.0 |  84.0 | 225.0
       Dungeon | 100.0 | 100.0 |   0.0 |   0.0 |  84.0 | 225.0
               +-------+-------+-------+-------+-------+----------------------

Table legend:
 A = Kills in this place as a percentage of kills in entire the game.
 B = Kills by you in this place as a percentage of kills by you in the entire game.
 C = Kills by friends in this place as a percentage of kills by friends in the entire game.
 D = Other kills in this place as a percentage of other kills in the entire game.
 E = Experience gained in this place as a percentage of experience gained in the entire game.
 F = Experience gained in this place divided by the number of levels of this place that you have seen.
                   A       B       C       D       E      F
               +-------+-------+-------+-------+-------+----------------------
         Total | 100.0 | 100.0 |   N/A |   N/A | 100.0 |  12.0
       Dungeon | 100.0 | 100.0 |   N/A |   N/A | 100.0 |  12.0
               +-------+-------+-------+-------+-------+----------------------
